[ AOE2 MATCH · #506280181 ]
UnrankedBritons vs Cumans
Player's team · LOSS
Rival team · WIN
[ REPLAY ANALYSIS · EXTRACTED FROM THE RECORDED GAME ]
Feudal
8:26
Castle
25:43
Imperial
—
| APM avg | 57.1 |
| APM peak | 106 |
| eAPM avg | 32.5 |
| Villagers / military | 150 / 188 |
Focus
⚔️ 42.5% · 🌾 57.5%
Archer ×128 · Knight ×43 · Scout Cavalry ×10 · Skirmisher ×3 · Mangonel ×2 · Spearman ×2
Feudal
8:52
Castle
23:39
Imperial
—
| APM avg | 64.1 |
| APM peak | 116 |
| eAPM avg | 34.2 |
| Villagers / military | 245 / 249 |
Focus
⚔️ 39.0% · 🌾 61.0%
Cavalry Archer ×100 · Skirmisher ×65 · Archer ×52 · Battering Ram ×24 · Mangonel ×4 · Spearman ×3
Match map
Initial resources + every placement click. Lines = walls · curves = elevation contours. ◆ gold · ⬟ stone · ● berries · ✦ relic · ◌ wall gap
Your base· Open — 6t gap
Li_78's base· Open — 5t gap
Smoothed initial terrain · ◌ = detected wall gap · hover for details
Inputs per minute
— GAX | Gian - - Li_78
Build order — GAX | Gian
First 150 of 510 actions detected
| 0:01 | Queue | Villager (Male) |
| 0:01 | Queue | Villager (Male) |
| 0:02 | Build | House |
| 0:03 | Build | House |
| 0:18 | Queue | Villager (Male) |
| 0:19 | Queue | Villager (Male) |
| 1:11 | Queue | Villager (Male) |
| 1:39 | Queue | Villager (Male) |
| 1:43 | Build | Lumber Camp |
| 1:54 | Queue | Villager (Male) |
| 1:55 | Queue | Villager (Male) |
| 2:31 | Queue | Villager (Male) |
| 2:40 | Queue | Villager (Male) |
| 3:20 | Queue | Villager (Male) |
| 3:38 | Queue | Villager (Male) |
| 3:48 | Build | House |
| 4:21 | Queue | Villager (Male) |
| 4:24 | Queue | Villager (Male) |
| 4:27 | Queue | Villager (Male) |
| 4:38 | Build | Mill |
| 4:59 | Research | Loom |
| 5:04 | Queue | Villager (Male) |
| 5:04 | Research | Loom |
| 5:58 | Research | Feudal Age |
| 6:57 | Build | Barracks |
| 7:02 | Build | House |
| 7:17 | Queue | Villager (Male) |
| 7:45 | Queue | Villager (Male) |
| 8:26 | Age | Feudal Age |
| 8:29 | Build | Stable |
| 8:30 | Research | Double-Bit Axe |
| 8:35 | Queue | Villager (Male) |
| 8:40 | Build | House |
| 9:08 | Queue | Scout Cavalry |
| 9:09 | Queue | Scout Cavalry |
| 9:18 | Queue | Spearman |
| 9:26 | Build | Farm |
| 9:27 | Build | Farm |
| 9:37 | Queue | Scout Cavalry |
| 9:54 | Queue | Villager (Male) |
| 9:55 | Queue | Villager (Male) |
| 9:56 | Build | Farm |
| 9:59 | Build | Farm |
| 10:03 | Build | House |
| 10:07 | Queue | Villager (Male) |
| 10:12 | Build | Farm |
| 10:15 | Build | House |
| 10:16 | Build | Palisade Wall |
| 10:24 | Queue | Villager (Male) |
| 10:24 | Queue | Villager (Male) |
| 10:40 | Queue | Villager (Male) |
| 11:01 | Queue | Villager (Male) |
| 11:01 | Queue | Villager (Male) |
| 11:16 | Queue | Villager (Male) |
| 11:17 | Queue | Villager (Male) |
| 11:23 | Queue | Villager (Male) |
| 11:24 | Build | Mining Camp |
| 11:29 | Queue | Spearman |
| 11:50 | Queue | Villager (Male) |
| 11:50 | Queue | Villager (Male) |
| 11:54 | Build | Watch Tower |
| 12:10 | Queue | Villager (Male) |
| 12:20 | Build | Archery Range |
| 12:27 | Build | Mining Camp |
| 12:37 | Queue | Villager (Male) |
| 12:37 | Queue | Villager (Male) |
| 12:42 | Build | House |
| 12:56 | Queue | Villager (Male) |
| 12:58 | Queue | Villager (Male) |
| 13:01 | Research | Horse Collar |
| 13:25 | Build | Stone Wall |
| 13:26 | Build | Stone Wall |
| 13:26 | Build | Stone Wall |
| 13:31 | Queue | Scout Cavalry |
| 13:31 | Queue | Scout Cavalry |
| 13:46 | Queue | Villager (Male) |
| 13:48 | Build | Blacksmith |
| 13:58 | Queue | Archer |
| 13:58 | Queue | Archer |
| 14:09 | Build | Farm |
| 14:23 | Queue | Villager (Male) |
| 14:24 | Queue | Villager (Male) |
| 14:46 | Queue | Villager (Male) |
| 14:58 | Build | Watch Tower |
| 15:02 | Queue | Archer |
| 15:02 | Queue | Archer |
| 15:08 | Build | Mining Camp |
| 15:19 | Queue | Villager (Male) |
| 15:20 | Build | House |
| 15:24 | Build | Watch Tower |
| 15:31 | Queue | Villager (Male) |
| 15:34 | Build | Farm |
| 15:35 | Build | Farm |
| 15:35 | Build | Farm |
| 15:36 | Build | House |
| 15:42 | Queue | Scout Cavalry |
| 16:05 | Queue | Villager (Male) |
| 16:17 | Build | Farm |
| 16:23 | Build | Stone Wall |
| 16:23 | Build | Stone Wall |
| 16:23 | Build | Stone Wall |
| 16:24 | Build | Stone Wall |
| 16:25 | Build | Stone Wall |
| 16:29 | Queue | Villager (Male) |
| 16:30 | Queue | Villager (Male) |
| 16:30 | Queue | Villager (Male) |
| 16:34 | Build | Watch Tower |
| 16:35 | Queue | Archer |
| 16:43 | Build | Watch Tower |
| 16:50 | Build | Watch Tower |
| 16:56 | Queue | Villager (Male) |
| 16:58 | Queue | Scout Cavalry |
| 17:04 | Build | Farm |
| 17:28 | Research | Fletching |
| 17:38 | Queue | Villager (Male) |
| 17:48 | Build | Farm |
| 17:49 | Build | Farm |
| 18:03 | Queue | Villager (Male) |
| 18:06 | Queue | Villager (Male) |
| 18:08 | Build | Watch Tower |
| 18:13 | Build | Watch Tower |
| 18:16 | Queue | Archer |
| 18:17 | Queue | Archer |
| 18:21 | Queue | Villager (Male) |
| 18:32 | Queue | Villager (Male) |
| 18:45 | Research | Padded Archer Armor |
| 18:45 | Research | Padded Archer Armor |
| 18:57 | Queue | Villager (Male) |
| 19:12 | Build | Watch Tower |
| 19:19 | Queue | Villager (Male) |
| 19:20 | Build | Market |
| 19:26 | Queue | Villager (Male) |
| 19:27 | Build | House |
| 19:37 | Build | Stone Wall |
| 19:38 | Build | Stone Wall |
| 19:43 | Queue | Villager (Male) |
| 19:48 | Build | House |
| 19:49 | Build | Stone Wall |
| 19:52 | Build | House |
| 19:54 | Build | House |
| 19:55 | Queue | Villager (Male) |
| 19:57 | Build | Stone Wall |
| 19:58 | Build | Stone Wall |
| 19:59 | Queue | Villager (Male) |
| 20:05 | Build | Outpost |
| 20:17 | Build | Lumber Camp |
| 20:19 | Build | Farm |
| 20:28 | Queue | Archer |
| 20:48 | Queue | Villager (Male) |
| 20:49 | Build | Farm |
Build order — Li_78
First 150 of 599 actions detected
| 0:00 | Queue | Villager (Male) |
| 0:00 | Queue | Villager (Male) |
| 0:02 | Build | House |
| 0:04 | Build | House |
| 0:08 | Queue | Villager (Male) |
| 0:11 | Queue | Villager (Male) |
| 1:27 | Queue | Villager (Male) |
| 1:27 | Queue | Villager (Male) |
| 1:54 | Build | Lumber Camp |
| 2:00 | Queue | Villager (Male) |
| 2:00 | Queue | Villager (Male) |
| 2:21 | Queue | Villager (Male) |
| 2:50 | Queue | Villager (Male) |
| 3:15 | Queue | Villager (Male) |
| 3:15 | Queue | Villager (Male) |
| 3:36 | Queue | Villager (Male) |
| 3:36 | Queue | Villager (Male) |
| 3:36 | Queue | Villager (Male) |
| 3:50 | Build | House |
| 3:53 | Build | Palisade Wall |
| 3:54 | Build | House |
| 4:28 | Queue | Villager (Male) |
| 4:30 | Queue | Villager (Male) |
| 4:30 | Queue | Villager (Male) |
| 4:47 | Build | House |
| 4:55 | Queue | Villager (Male) |
| 5:05 | Build | Mill |
| 5:18 | Queue | Villager (Male) |
| 5:18 | Queue | Villager (Male) |
| 6:14 | Research | Loom |
| 6:42 | Research | Feudal Age |
| 7:43 | Build | House |
| 7:44 | Build | Palisade Wall |
| 8:38 | Queue | Villager (Male) |
| 8:52 | Age | Feudal Age |
| 9:02 | Build | Town Center |
| 9:17 | Queue | Villager (Male) |
| 9:18 | Research | Double-Bit Axe |
| 9:40 | Queue | Villager (Male) |
| 9:55 | Build | House |
| 10:09 | Queue | Villager (Male) |
| 10:21 | Build | House |
| 10:23 | Build | Palisade Wall |
| 10:25 | Queue | Villager (Male) |
| 10:39 | Build | House |
| 10:58 | Queue | Villager (Male) |
| 11:03 | Build | House |
| 11:04 | Build | Palisade Wall |
| 11:07 | Build | House |
| 11:08 | Build | Palisade Wall |
| 11:08 | Queue | Villager (Male) |
| 11:17 | Queue | Villager (Male) |
| 11:34 | Build | Barracks |
| 11:37 | Queue | Villager (Male) |
| 11:42 | Research | Horse Collar |
| 11:49 | Queue | Villager (Male) |
| 11:55 | Build | Palisade Wall |
| 11:57 | Build | Palisade Wall |
| 11:58 | Build | Palisade Wall |
| 12:01 | Build | Palisade Wall |
| 12:03 | Build | Palisade Wall |
| 12:07 | Build | Palisade Wall |
| 12:09 | Queue | Villager (Male) |
| 12:10 | Queue | Villager (Male) |
| 12:10 | Queue | Villager (Male) |
| 12:11 | Queue | Villager (Male) |
| 12:14 | Build | Farm |
| 12:25 | Queue | Villager (Male) |
| 12:30 | Queue | Spearman |
| 12:31 | Build | Farm |
| 12:33 | Build | Farm |
| 12:42 | Build | Farm |
| 12:43 | Build | Farm |
| 12:46 | Build | Farm |
| 12:51 | Build | Farm |
| 13:01 | Build | Farm |
| 13:06 | Queue | Spearman |
| 13:11 | Build | Farm |
| 13:24 | Build | Farm |
| 13:26 | Build | Farm |
| 13:31 | Build | Farm |
| 13:37 | Queue | Villager (Male) |
| 13:37 | Queue | Villager (Male) |
| 13:45 | Build | Farm |
| 13:45 | Build | Farm |
| 13:53 | Queue | Villager (Male) |
| 13:54 | Queue | Villager (Male) |
| 14:00 | Build | Farm |
| 14:03 | Queue | Villager (Male) |
| 14:03 | Queue | Villager (Male) |
| 14:08 | Build | House |
| 14:08 | Build | House |
| 14:17 | Queue | Villager (Male) |
| 14:23 | Queue | Villager (Male) |
| 14:24 | Queue | Villager (Male) |
| 14:31 | Build | Farm |
| 14:32 | Build | Farm |
| 14:32 | Queue | Villager (Male) |
| 14:32 | Queue | Villager (Male) |
| 14:48 | Queue | Villager (Male) |
| 14:49 | Queue | Villager (Male) |
| 14:53 | Queue | Spearman |
| 14:54 | Queue | Villager (Male) |
| 14:59 | Queue | Villager (Male) |
| 14:59 | Queue | Villager (Male) |
| 15:15 | Queue | Villager (Male) |
| 15:21 | Queue | Villager (Male) |
| 15:25 | Queue | Villager (Male) |
| 15:31 | Build | Archery Range |
| 15:34 | Build | Farm |
| 15:34 | Queue | Villager (Male) |
| 15:41 | Queue | Villager (Male) |
| 15:41 | Queue | Villager (Male) |
| 15:42 | Queue | Villager (Male) |
| 15:43 | Build | Archery Range |
| 15:46 | Queue | Villager (Male) |
| 15:53 | Build | Farm |
| 16:11 | Queue | Archer |
| 16:18 | Queue | Villager (Male) |
| 16:22 | Build | House |
| 16:25 | Build | Palisade Wall |
| 16:36 | Queue | Archer |
| 16:36 | Queue | Archer |
| 16:36 | Queue | Archer |
| 16:36 | Queue | Villager (Male) |
| 16:49 | Queue | Villager (Male) |
| 17:00 | Queue | Archer |
| 17:05 | Queue | Archer |
| 17:05 | Queue | Villager (Male) |
| 17:19 | Build | Blacksmith |
| 17:23 | Queue | Villager (Male) |
| 17:35 | Queue | Skirmisher |
| 17:35 | Queue | Archer |
| 17:42 | Queue | Archer |
| 17:50 | Queue | Villager (Male) |
| 17:50 | Queue | Villager (Male) |
| 17:50 | Queue | Villager (Male) |
| 17:51 | Queue | Villager (Male) |
| 17:51 | Queue | Archer |
| 17:51 | Queue | Archer |
| 17:52 | Queue | Archer |
| 18:12 | Build | Lumber Camp |
| 18:17 | Queue | Villager (Male) |
| 18:19 | Queue | Archer |
| 18:19 | Queue | Archer |
| 18:20 | Queue | Villager (Male) |
| 18:24 | Queue | Villager (Male) |
| 18:25 | Queue | Villager (Male) |
| 18:26 | Queue | Villager (Male) |
| 18:38 | Build | House |
Match timeline
| 3:53 | Li_78 · wall_segment Palisade Wall x2 |
| 6:57 | GAX | Gian · first_building Barracks |
| 7:44 | Li_78 · wall_segment Palisade Wall x7 |
| 8:26 | GAX | Gian · age_up feudal |
| 8:29 | GAX | Gian · first_building Stable |
| 8:52 | Li_78 · age_up feudal |
| 10:16 | GAX | Gian · wall_segment Palisade Wall x2 |
| 10:23 | Li_78 · wall_segment Palisade Wall x7 |
| 11:04 | Li_78 · wall_segment Palisade Wall x5 |
| 11:08 | Li_78 · wall_segment Palisade Wall x5 |
| 11:34 | Li_78 · first_building Barracks |
| 11:55 | Li_78 · wall_segment Palisade Wall x1 |
| 11:57 | Li_78 · wall_segment Palisade Wall x1 |
| 11:58 | Li_78 · wall_segment Palisade Wall x1 |
| 12:01 | Li_78 · wall_segment Palisade Wall x2 |
| 12:03 | Li_78 · wall_segment Palisade Wall x1 |
| 12:07 | Li_78 · wall_segment Palisade Wall x1 |
| 12:20 | GAX | Gian · first_building Archery Range |
| 13:25 | GAX | Gian · wall_segment Stone Wall x1 |
| 13:26 | GAX | Gian · wall_segment Stone Wall x1 |
| 13:26 | GAX | Gian · wall_segment Stone Wall x1 |
| 15:31 | Li_78 · first_building Archery Range |
| 16:23 | GAX | Gian · wall_segment Stone Wall x1 |
| 16:23 | GAX | Gian · wall_segment Stone Wall x1 |
| 16:23 | GAX | Gian · wall_segment Stone Wall x1 |
| 16:24 | GAX | Gian · wall_segment Stone Wall x4 |
| 16:25 | GAX | Gian · wall_segment Stone Wall x3 |
| 16:25 | Li_78 · wall_segment Palisade Wall x10 |
| 18:39 | Li_78 · wall_segment Palisade Wall x1 |
| 18:48 | Li_78 · wall_segment Palisade Wall x2 |
| 19:37 | GAX | Gian · wall_segment Stone Wall x2 |
| 19:38 | GAX | Gian · wall_segment Stone Wall x2 |
| 19:49 | GAX | Gian · wall_segment Stone Wall x8 |
| 19:57 | GAX | Gian · wall_segment Stone Wall x2 |
| 19:58 | GAX | Gian · wall_segment Stone Wall x1 |
| 20:46 | GAX | Gian · first_market_sell 500 wood |
| 20:47 | GAX | Gian · first_market_buy 500 food |
| 23:30 | GAX | Gian · wall_segment Stone Wall x1 |
| 23:34 | GAX | Gian · wall_segment Stone Wall x1 |
| 23:39 | Li_78 · age_up castle |
| 24:07 | Li_78 · first_building Siege Workshop |
| 24:32 | GAX | Gian · wall_segment Stone Wall x1 |
| 24:36 | GAX | Gian · wall_segment Stone Wall x2 |
| 24:37 | GAX | Gian · wall_segment Stone Wall x2 |
| 24:37 | GAX | Gian · wall_segment Stone Wall x2 |
| 25:43 | GAX | Gian · age_up castle |
| 26:01 | GAX | Gian · first_building Siege Workshop |
| 32:00 | Li_78 · first_market_buy 100 wood |
| 33:07 | GAX | Gian · wall_segment Palisade Wall x1 |
| 34:16 | Li_78 · first_building Stable |
| 34:30 | GAX | Gian · wall_segment Stone Wall x1 |
| 43:04 | Li_78 · wall_segment Palisade Wall x1 |
| 43:35 | Li_78 · first_market_sell 100 wood |
| 48:46 | GAX | Gian · resign |
[ AI ANALYSIS · 1 CREDIT ]
What really happened in this match?
Wolo.gg analyzes every decision: build order, eco, micro, common mistakes by bracket. Personalized analysis on WhatsApp or Discord in 30 seconds.
Civ guide
Britons
Perfil
Jugador #313223